 Seeded DCSS version 0.30-a0-368-g86fb4627a9 (webtiles) character file.

Game seed: 4866231847754521613 (custom seed)

13944 purpskrrrp the Unseen (level 12, -2/64 HPs)
             Began as a Kobold Monk on Nov 18, 2022.
             Was the Champion of Cheibriados.
             Slain by an ogre
             ... wielding a +0 giant club
             ... led by Lodul
              (10 damage)
             ... while paralysed by Lodul
             ... on level 11 of the Dungeon.
             The game lasted 00:20:39 (10965 turns).

purpskrrrp the Unseen (Kobold Monk)                Turns: 10965, Time: 00:20:39

Health: -2/64      AC: 13    Str: 25    XL:     12   Next: 39%
Magic:  0/17       EV:  3    Int: 30    God:    Cheibriados [******]
Gold:   823        SH:  0    Dex: 36    Spells: 8/11 levels left

rFire   . . .      SeeInvis +    n - +8 quick blade of the Candle {freeze, rPois rC+ Int+4}
rCold   + . .      Faith    .    (no shield)
rNeg    . . .      Spirit   +    G - +0 troll leather armour
rPois   +          Reflect  .    (helmet restricted)
rElec   .          Harm     .    (no cloak)
rCorr   .          Rampage  .    F - +2 pair of gloves
Will    .....                    K - +1 pair of boots
Stlth   +++++++++.               m - brooch of Shielding {Spirit SH+8}
HPRegen 1.10/turn                f - +4 ring of protection
MPRegen 0.15/turn                i - ring of see invisible

@: paralysed, studying Short Blades, very slow
A: small, no large weapons, nightstalker 3, antennae 1, sturdy frame 1
a: Renounce Religion, Bend Time, Temporal Distortion, Slouch, Step From Time


You were on level 11 of the Dungeon.
You worshipped Cheibriados.
Cheibriados was exalted by your worship.
You visited 1 branch of the dungeon, and saw 11 of its levels.

You collected 823 gold pieces.

Inventory:

Hand Weapons
 a - a +0 short sword of protection
 n - the +8 quick blade of the Candle (weapon) {freeze, rPois rC+ Int+4}
   (You acquired it on level 2 of the Dungeon)

   It freezes those it strikes, dealing additional cold damage.
   It can also slow down cold-blooded creatures.
   Int:       It affects your intelligence (+4).
   rC:        It protects you from cold.
   rPois:     It protects you from poison.
Armour
 b - a +2 robe
 F - a +2 pair of gloves (worn)
 G - a +0 troll leather armour (worn)
 K - a +1 pair of boots (worn)
Jewellery
 f - a +4 ring of protection (left hand)
 g - a ring of ice
 i - a ring of see invisible (right hand)
 m - the brooch of Shielding (around neck) {Spirit SH+8}
   (You acquired it on level 2 of the Dungeon)

   [amulet of guardian spirit]

   It causes incoming damage to be divided between your reserves of health and
   magic.
   SH:        It affects your SH (+8).
 t - a +6 ring of intelligence
 y - a ring of poison resistance
 B - a ring of wizardry
 I - an amulet of regeneration
Wands
 k - a wand of iceblast (2)
 r - a wand of flame (39)
 H - a wand of paralysis (13)
 J - a wand of mindburst (5)
Scrolls
 e - 4 scrolls of magic mapping
 j - 6 scrolls of teleportation
 u - 2 scrolls of amnesia
 v - a scroll of torment {unknown}
 x - 5 scrolls of poison
 C - a scroll of fear {unknown}
 D - 2 scrolls of silence
 L - a scroll of vulnerability {unknown}
Potions
 c - a potion of ambrosia
 d - a potion of mutation
 h - 3 potions of lignification
 l - 5 potions of degeneration
 o - a potion of berserk rage
 p - a potion of heal wounds
 q - 2 potions of flight
 s - 5 potions of curing
 w - a potion of invisibility
 z - a potion of resistance
 A - 4 potions of haste
 E - 2 potions of magic
 M - a potion of brilliance {unknown}
 N - a potion of might {unknown}


   Skills:
 - Level 3.2 Fighting
 + Level 14.7 Short Blades
 + Level 11.6 Dodging
 * Level 16.9 Stealth
 + Level 7.2 Invocations


You had 8 spell levels left.
You knew the following spells:

 Your Spells              Type           Power      Damage    Failure   Level
a - Passwall              Tmut/Erth      0%         N/A       14%         2
b - Apportation           Tloc           0%         N/A       10%         1

Your spell library contained the following spells:

 Spells                   Type           Power      Damage    Failure   Level
 Sting                    Tmut/Pois      0%         1d3       10%         1
 Ensorcelled Hibernation  Hex/Ice        0%         N/A       14%         2
 Poisonous Vapours        Pois/Air       0%         N/A       14%         2
 Call Canine Familiar     Summ           0%         N/A       28%         3
 Dazzling Flash           Conj/Hex       0%         N/A       28%         3
 Gell's Gravitas          Tloc           0%         N/A       28%         3
 Lesser Beckoning         Tloc           0%         N/A       28%         3
 Portal Projectile        Hex/Tloc       0%         N/A       28%         3
 Swiftness                Air            0%         N/A       28%         3
 Teleport Other           Tloc           0%         N/A       28%         3
 Animate Armour           Summ/Erth      0%         N/A       67%         4
 Iskenderun's Mystic Bla  Conj/Tloc      0%         2d3       67%         4
 Leda's Liquefaction      Hex/Erth       0%         N/A       67%         4
 Olgreb's Toxic Radiance  Pois           0%         N/A       67%         4
 Alistair's Intoxication  Tmut/Pois      0%         N/A       95%         5
 Blade Hands              Tmut           0%         N/A       95%         5
 Iron Shot                Conj/Erth      0%         9d1       100%        6
 Starburst                Conj/Fire      0%         6d3       100%        6


Dungeon Overview and Level Annotations

Branches:
Dungeon (11/15)            Temple (0/1) D:7            Lair (0/5) D:9
    Orc (0/2) D:10

Altars:
Cheibriados
Elyvilon
Gozag
Hepliaklqana
Kikubaaqudgha
Okawaru
Qazlal
Ru
Sif Muna
Yredelemnul
The Shining One

Shops:
D:5 (

Annotations:
D:5 3 runed translucent doors
D:9 exclusion: obsidian statue
D:11 exclusion: obsidian statue, Lodul


Innate Abilities, Weirdness & Mutations

You are small and have problems with some larger weapons.
You are completely attuned to the shadows.
You have a pair of small antennae on your head.
Your movements are slightly less encumbered by armour. (ER -2)


Message History

The ogre misses you.
You hit the ogre. You freeze the ogre.
The ogre is heavily wounded.
You hit the ogre. You freeze the ogre.
The ogre is severely wounded.
You puncture the ogre! You freeze the ogre.
You kill the ogre!
Cheibriados thoroughly appreciates the change of pace.
You block the ogre's attack.
Lodul zaps a wand.
You easily resist.
You hit Lodul but do no damage. You puncture Lodul! You freeze Lodul.
Lodul is lightly wounded.
The ogre misses you. You block the ogre's attack.
You hit Lodul. You freeze Lodul.
Lodul is moderately wounded.
You puncture Lodul! You freeze Lodul.
Lodul is moderately wounded.
Lodul barely misses you.
You puncture Lodul! You freeze Lodul.
Lodul is heavily wounded.
The ogre completely misses you.
You completely miss Lodul.
Lodul is heavily wounded.
You puncture Lodul! You freeze Lodul.
Lodul is severely wounded.
The ogre barely misses you. The ogre completely misses you.
You puncture Lodul! You freeze Lodul.
Lodul is almost dead.
You hit Lodul. You freeze Lodul.
Lodul is almost dead.
Lodul zaps a wand.
You suddenly lose the ability to move!
The ogre hits you with a +0 giant club.
The ogre hits you with a +0 giant club! x2
Lodul hits you but does no damage.
The ogre hits you with a +0 giant club. x2
Lodul hits you with a +0 dire flail! The ogre hits you with a +0 giant club.
* * * LOW HITPOINT WARNING * * *
The ogre hits you with a +0 giant club!
* * * LOW HITPOINT WARNING * * *
The ogre completely misses you. The ogre hits you with a +0 giant club!
You die...

......#.....
.....##....
.........
......###
..........#
.........)# .
..........#..
#..OOO.......
#..)@O....##.
#.#####)###
#.# #.# ###


You could see Lodul and 3 ogres.

Vanquished Creatures
  2 two-headed ogres
  Sonja (D:11)
  A deep elf pyromancer (D:8)
  Maurice (D:10)
  An unseen horror (D:10)
  A yaktaur (D:11)
  A kobold demonologist (D:11)
  3 trolls
  A slime creature (D:8)
  Grinder (D:4)
  2 shadows (D:9)
  2 wraiths
  A vampire (D:10)
  3 wyverns
  8 yaks
  2 steam dragons
  Duvessa (D:4)
  2 water moccasins
  2 sky beasts (D:7)
  An ice beast (D:5)
  3 orc warriors
  6 ogres (D:11)
  11 centaurs
  4 phantoms
  4 bullfrogs
  5 necrophages
  A gnoll sergeant (D:8)
  13 wights
  Dowan (D:4)
  48 killer bees
  4 howler monkeys
  A jelly (D:4)
  3 orc priests
  3 hounds
  A gnoll bouda (D:9)
  10 orc wizards
  3 iguanas
  Natasha (twice) (D:4)
  12 gnolls
  8 adders
  3 white imps
  2 ufetubi
  7 dart slugs
  36 orcs
  5 ball pythons
  8 endoplasms
  3 giant cockroaches
  7 goblins
  8 hobgoblins
  4 jackals (D:1)
  4 quokkas
  10 bats
  A frilled lizard (D:1)
  8 kobolds
  7 rats
293 creatures vanquished.

Vanquished Creatures (others)
  11 plants (D:8)
11 creatures vanquished.

Grand Total: 304 creatures vanquished

Notes
Turn   | Place    | Note
-------+----------+-------------------------------------------
     0 | D:1      | purpskrrrp the Kobold Monk began the quest for the Orb.
     0 | D:1      | Reached XP level 1. HP: 14/14 MP: 1/1
    51 | D:1      | Reached skill level 3 in Stealth
    93 | D:1      | Reached XP level 2. HP: 14/19 MP: 2/2
   279 | D:1      | Reached XP level 3. HP: 19/23 MP: 3/3
   338 | D:1      | Reached skill level 4 in Stealth
   653 | D:1      | Reached skill level 5 in Short Blades
   891 | D:2      | You fall into a shaft and drop 1 floor!
   909 | D:2      | Identified a scroll of acquirement
   909 | D:2      | Acquired the brooch of Shielding {Spirit SH+8}
   909 | D:2      | Found the brooch of Shielding {Spirit SH+8}
  1208 | D:2      | Reached XP level 4. HP: 28/28 MP: 4/4
  1862 | D:2      | Acquired the +8 quick blade of the Candle {freeze, rPois
                  | rC+ Int+4}
  1985 | D:3      | Found a faded altar of an unknown god.
  1993 | D:3      | Prayed at the altar of an unknown god.
  1993 | D:3      | Became a worshipper of Cheibriados the Contemplative
  1993 | D:3      | Reached * piety under Cheibriados
  1993 | D:3      | Reached ** piety under Cheibriados
  2057 | D:3      | Reached skill level 5 in Stealth
  2339 | D:3      | Reached *** piety under Cheibriados
  2340 | D:3      | Reached XP level 5. HP: 32/32 MP: 5/5
  2523 | D:3      | Found a hazy altar of Hepliaklqana.
  2753 | D:4      | Noticed Dowan
  2756 | D:4      | Noticed Duvessa
  2757 | D:4      | Killed Dowan
  2758 | D:4      | Reached XP level 6. HP: 37/37 MP: 6/6
  2774 | D:4      | Killed Duvessa
  2775 | D:4      | Reached skill level 6 in Stealth
  2951 | D:4      | Reached **** piety under Cheibriados
  2979 | D:4      | Found a sacrificial altar of Ru.
  2979 | D:4      | Found an ancient bone altar of Kikubaaqudgha.
  3017 | D:4      | Reached skill level 5 in Dodging
  3017 | D:4      | Reached XP level 7. HP: 41/41 MP: 7/7
  3078 | D:4      | Noticed Grinder
  3081 | D:4      | Paralysed by Grinder for 2 turns
  3088 | D:4      | Killed Grinder
  3089 | D:4      | Reached skill level 7 in Stealth
  3338 | D:4      | Noticed Natasha
  3360 | D:4      | Killed Natasha
  3504 | D:4      | Noticed Natasha
  3620 | D:4      | Killed Natasha
  3621 | D:4      | Reached XP level 8. HP: 46/46 MP: 8/8
  4237 | D:5      | Entered Level 5 of the Dungeon
  4237 | D:5      | Found a snail-covered altar of Cheibriados.
  4252 | D:5      | Found an iron altar of Okawaru.
  4269 | D:5      | Found Ivag's Antique Weapon Emporium.
  4350 | D:5      | Reached skill level 8 in Stealth
  4383 | D:5      | Reached ***** piety under Cheibriados
  4548 | D:5      | Found an opulent altar of Gozag.
  4788 | D:5      | Reached skill level 9 in Stealth
  4799 | D:5      | Found a runed translucent gate.
  4800 | D:5      | Found a runed translucent gate.
  4801 | D:5      | Found a runed translucent gate.
  5186 | D:6      | Identified the +1 chain mail of the Shore {rPois Str+3
                  | Int+3 Dex-5}
  5420 | D:6      | Reached XP level 9. HP: 48/51 MP: 9/9
  5570 | D:6      | Found a shimmering blue altar of Sif Muna.
  5576 | D:6      | Found a basalt altar of Yredelemnul.
  5653 | D:6      | Reached skill level 10 in Stealth
  6248 | D:6      | Gained mutation: You occasionally lose the ability to read
                  | scrolls when taking damage. [potion of mutation]
  6248 | D:6      | Gained mutation: You are partially covered in iridescent
                  | scales. (AC +2) [potion of mutation]
  6249 | D:6      | Lost mutation: You occasionally lose the ability to read
                  | scrolls when taking damage. [potion of mutation]
  6249 | D:6      | Lost mutation: You are partially covered in iridescent
                  | scales. (AC +2) [potion of mutation]
  6249 | D:6      | Gained mutation: Your movements are slightly less
                  | encumbered by armour. (ER -2) [potion of mutation]
  6249 | D:6      | Gained mutation: You have a pair of small antennae on your
                  | head. [potion of mutation]
  6452 | D:7      | Reached skill level 10 in Short Blades
  6576 | D:7      | Reached skill level 11 in Stealth
  6614 | D:7      | Found a staircase to the Ecumenical Temple.
  6881 | D:7      | Reached skill level 1 in Invocations
  6946 | D:7      | Reached XP level 10. HP: 56/56 MP: 9/11
  7039 | D:7      | Found a white marble altar of Elyvilon.
  7424 | D:7      | Learned a level 2 spell: Passwall
  7482 | D:8      | Reached skill level 12 in Stealth
  7580 | D:8      | Reached ****** piety under Cheibriados
  7739 | D:8      | Reached skill level 13 in Stealth
  7783 | D:8      | Noticed a deep elf pyromancer
  7792 | D:8      | Killed a deep elf pyromancer
  7865 | D:8      | Noticed a two-headed ogre
  7911 | D:8      | Killed a two-headed ogre
  7912 | D:8      | Reached skill level 10 in Dodging
  8280 | D:8      | Reached XP level 11. HP: 60/60 MP: 14/14
  8295 | D:8      | Reached skill level 14 in Stealth
  8429 | D:8      | Acquired a manual of Short Blades
  8629 | D:9      | Found a glowing golden altar of the Shining One.
  8665 | D:9      | Noticed an obsidian statue
  8688 | D:9      | Learned a level 1 spell: Apportation
  8733 | D:9      | Found a staircase to the Lair.
  9168 | D:9      | Noticed a two-headed ogre
  9172 | D:9      | Killed a two-headed ogre
  9173 | D:9      | Reached skill level 5 in Invocations
  9348 | D:10     | Entered Level 10 of the Dungeon
  9375 | D:10     | Reached skill level 15 in Stealth
  9970 | D:10     | Noticed Maurice
  9973 | D:10     | Killed Maurice
 10435 | D:10     | Found a staircase to the Orcish Mines.
 10441 | D:10     | Reached skill level 16 in Stealth
 10447 | D:10     | Found a stormy altar of Qazlal.
 10619 | D:11     | Noticed Sonja
 10620 | D:11     | Killed Sonja
 10621 | D:11     | Reached XP level 12. HP: 64/64 MP: 16/16
 10728 | D:11     | Found a shimmering blue altar of Sif Muna.
 10926 | D:11     | Noticed Lodul
 10961 | D:11     | Paralysed by Lodul for 4 turns
 10965 | D:11     | Slain by an ogre

Illustrated notes

Levels and vault maps discovered:
D:1:      dpeg_arrival_arbitrary_c, layout_basic
D:2:      layout_loops_ring, kennysheep_minor_cross
D:3:      minmay_chambers_of_twos, layout_loops_ring, overflow_temple_1_default,
          ebering_ecumenical_altar_petrified
D:4:      layout_loops_cross, gammafunk_temple_overflow_elements, dk_vineyard_3,
          uniq_grinder, uniq_natasha, uniq_duvessa
D:5:      layout_rooms, cheibriados_altar_1, mainiacjoe_overflow_chevrons,
          okawaru_metal_pillars_3, serial_shops, shop_statue,
          ebering_ghost_rock_garden
D:6:      layout_loops_corners, amethyst_overflow_temple_binary,
          kennysheep_windowed_goal
D:7:      layout_basic, old_standard_altar, minmay_temple_entry_mini_moons
D:8:      layout_rooms, glass_columns_a, minmay_shattered_shrine
D:9:      layout_long_grid, tso_altar, dpeg_oklobed_lair, serial_bayou_pond_e,
          minivault_16
D:10:     wad_woods_minihive, layout_loops_corners,
          nicolae_qazlal_eye_of_the_storm, uniq_maurice
D:11:     layout_rooms, minivault_16, nicolae_sif_muna_little_library,
          uniq_sonja, uniq_lodul

Skill      XL: |  1  2  3  4  5  6  7  8  9 10 11 12 |
---------------+-------------------------------------+-----
Stealth        | 3 4 5 6 7 9 11 13 16 | 16.9
Short Blades   | 5 6 7 9 10 11 13 14 | 14.7
Dodging        | 4 5 7 8 10 11 | 11.6
Invocations    | 1 4 6 7 |  7.2
Fighting       | |  3.2

Action                   |  1- 3 |  4- 6 |  7- 9 | 10-12 || total
-------------------------+-------+-------+-------+-------++-------
Melee: Short sword       |    89 |    40 |       |       ||   129
       Quick blade       |       |    66 |   198 |   550 ||   814
       Punch             |       |     1 |     3 |    12 ||    16
 Cast: Passwall          |       |       |       |     1 ||     1
       Apportation       |       |       |       |     5 ||     5
  Use: Scroll            |     1 |     4 |    11 |     9 ||    25
       Potion            |       |     1 |     2 |     1 ||     4
 Stab: Sleeping          |    19 |    13 |    22 |    26 ||    80
       Distracted        |     1 |       |     3 |     5 ||     9
Armor: Robe              |    12 |     5 |     5 |    23 ||    45
       Troll leather arm |       |       |       |    11 ||    11
Dodge: Dodged            |    85 |    29 |    76 |   309 ||   499
Block: Other             |       |    27 |    38 |   126 ||   191

Table legend: (Time is in decaauts)
 A = Elapsed time spent in this place.
 B = Non-inter-level travel time spent in this place.
 C = Inter-level travel time spent in this place.
 D = Time resting spent in this place.
 E = Time spent auto-exploring this place.
 F = Levels seen in this place.
 G = Mean time per level.
                   A        B        C        D        E       F      G
               +--------+--------+--------+--------+--------+-----+--------+
         Total |  16281 |  15354 |    927 |    814 |  12525 |  11 | 1480.1 |
       Dungeon |  16281 |  15354 |    927 |    814 |  12525 |  11 | 1480.1 |
               +--------+--------+--------+--------+--------+-----+--------+

Top non-repeatable levels by time:
     D:6: 2325 daAuts
    D:10: 2153 daAuts
     D:7: 1998 daAuts
     D:4: 1960 daAuts
     D:9: 1621 daAuts
     D:8: 1437 daAuts
     D:3: 1242 daAuts
     D:5: 1199 daAuts
     D:2: 997 daAuts
     D:1: 870 daAuts
    D:11: 474 daAuts
